 Dungeon Crawl Stone Soup version 0.30-b1-2-g02819fbbbe (webtiles) character file.

Game seed: 7059749192683146518

929 seren the Covered (level 7, -11/63 HPs)
             Began as an Armataur Fighter on Jan 4, 2024.
             Mangled by an ogre
             ... wielding a +0 giant club
              (15 damage)
             ... on level 5 of the Dungeon.
             The game lasted 00:13:25 (3917 turns).

seren the Covered (Armataur Fighter)                Turns: 3917, Time: 00:13:26

Health: -11/63     AC: 11    Str: 24    XL:     7   Next: 85%
Magic:  7/7        EV:  6    Int:  8    God:
Gold:   135        SH:  4    Dex:  9    Spells: 6/6 levels left

rFire   . . .        a - +0 flail
rCold   + . .        c - +0 buckler
rNeg    . . .        m - +0 chain mail
rPois   .            (no helmet)
rElec   .            k - +0 cloak
rCorr   .            d - +0 pair of gloves
SInv    .            (no barding)
Will    .....        (no amulet) Stlth
                     h - ring of protection from cold
HPRegen 0.30/turn    (no ring)
MPRegen 0.10/turn

%: roll
@: no status effects
A: large, rugged brown scales 3, deformed body, armoured tail, roll, long
tongue, awkward tongue
a: no special abilities


You were on level 5 of the Dungeon.
You visited 1 branch of the dungeon, and saw 6 of its levels.

You collected 198 gold pieces.
You spent 63 gold pieces at shops.

Inventory:

Hand Weapons
 a - a +0 flail (weapon)
 e - a +1 dagger of venom
 f - a +3 rapier
 p - a +0 lajatang
Missiles
 l - 5 javelins
 o - 6 poisoned darts (quivered)
Armour
 b - a +0 scale mail
 c - a +0 buckler (worn)
 d - a +0 pair of gloves (worn)
 j - +0 steam dragon scales
 k - a +0 cloak (worn)
 m - a +0 chain mail (worn)
Jewellery
 h - a ring of protection from cold (left hand)
 u - a +6 ring of dexterity
 x - a ring of wizardry
Wands
 q - a wand of iceblast (5)
Scrolls
 g - a scroll of magic mapping
 n - a scroll of immolation {unknown}
 s - a scroll of enchant weapon {unknown}
 t - a scroll of poison {unknown}
 y - 3 scrolls of teleportation {unknown}
 A - a scroll of amnesia {unknown}
 B - a scroll of torment {unknown}
Potions
 i - a potion of haste
 r - a potion of heal wounds
 v - a potion of might


   Skills:
 + Level 4.2 Fighting
 * Level 4.6 Maces & Flails
 + Level 5.8 Armour
 + Level 1.8 Dodging
 + Level 5.2 Shields
 + Level 2.6 Evocations


You had 6 spell levels left.
You didn't know any spells.
Your spell library contained the following spells:

 Spells                   Type           Power      Damage    Failure   Level
 Slow                     Hex            0%         N/A       95%         1
 Confusing Touch          Hex            0%         N/A       100%        3
 Portal Projectile        Hex/Tloc       0%         N/A       100%        3
 Tukima's Dance           Hex            0%         N/A       100%        3
 Vampiric Draining        Necr           0%         2d6       100%        3
 Blade Hands              Tmut           0%         N/A       100%        5
 Chain Lightning          Conj/Air       0%         N/A       100%        9
 Fire Storm               Conj/Fire      0%         5d1       100%        9
 Shatter                  Erth           0%         3d5*      100%        9


Dungeon Overview and Level Annotations

Branches:
Dungeon (6/15)
 Temple: D:4-7

Altars:

Shops:
D:3 [

Annotations:
D:5 2 runed translucent doors, exclusion: downstairs, diceflayer's ghost, novice MiFi


Innate Abilities, Weirdness & Mutations

You are completely covered in rugged brown scales. (AC +3, +7% HP)
Armour fits poorly on your strangely shaped body.
You have a long armoured tail.
You roll when moving toward enemies. (Rampage)
Your long tongue fully drains potion bottles. (2x potion effects)
Your tongue gives you trouble enunciating. (1.5x scroll delay)


Message History

You closely miss the phantom.
Your tail-slap misses the phantom.
The phantom is lightly damaged.
You block the phantom's attack.
You barely miss the phantom. You tail-slap the phantom!
The phantom is moderately damaged.
The phantom hits you but does no damage.
You hit the phantom. You tail-slap the phantom.
The phantom is almost destroyed.
The phantom hits you but does no damage. x2
You sock the phantom!
You destroy the phantom!
No target in view!
y - 3 scrolls labelled TUANLE IHAOGG (gained 1)
You now have 135 gold pieces (gained 4).
You open the door.
An ogre comes into view. It is wielding a +0 giant club.
The ogre shouts!
You hit the ogre.
You tail-slap the ogre, but do no damage.
The ogre is lightly wounded.
The ogre hits you with a +0 giant club!
You sock the ogre!
Your tail-slap misses the ogre.
The ogre is heavily wounded.
The ogre hits you with a +0 giant club!
You completely miss the ogre.
Your tail-slap misses the ogre.
The ogre is heavily wounded.
You barely miss the ogre.
The ogre is heavily wounded.
The ogre hits you with a +0 giant club!
You barely miss the ogre.
The ogre is heavily wounded.
The ogre barely misses you.
You sock the ogre!
The ogre is almost dead.
The ogre hits you with a +0 giant club!!
* * * LOW HITPOINT WARNING * * *
You barely miss the ogre.
The ogre is almost dead.
The ogre hits you with a +0 giant club!
You die...

..#.#......#...#.##
.#...#.....#.....#
...........##..###
#...#####.###..# ## ##.# #.#
#..# ... #.# #.# #..# ...
#.#####.###..# ..# #
#............###...# #
#.#####.###...@O..8# # #.#
#......###...#
###.##########...# ..#
..[..)># #.### ... .##.##.#
#.# ... .
.##.##)#######.##### #### #.
.##................# #.##
###.
.....#.##.#.##.#..#######...
... ##..##.##>#.##..........
..# #..


You could see an ogre.

Vanquished Creatures
  A steam dragon (D:5)
  A centaur (D:5)
  A phantom (D:5)
  A kobold brigand (D:6)
  A scorpion (D:5)
  2 killer bees (D:5)
  A hound (D:3)
  An orc priest (D:3)
  A jelly (D:5)
  Ijyb (D:2)
  Terence (D:2)
  An iguana (D:6)
  Natasha (thrice) (D:2)
  7 adders
  3 gnolls (D:6)
  2 dart slugs (D:1)
  13 orcs
  7 endoplasms
  A giant cockroach (D:3)
  18 goblins
  8 hobgoblins
  4 quokkas
  7 ball pythons
  4 bats
  3 frilled lizards
  7 kobolds
  6 rats
106 creatures vanquished.

Notes
Turn   | Place    | Note
-------+----------+-------------------------------------------
     0 | D:1      | seren the Armataur Fighter began the quest for the Orb.
     0 | D:1      | Reached XP level 1. HP: 19/19 MP: 1/1
    94 | D:1      | Reached XP level 2. HP: 26/26 MP: 2/2
   513 | D:1      | Reached XP level 3. HP: 33/33 MP: 3/3
   797 | D:2      | Noticed Ijyb
   805 | D:2      | Noticed Natasha
  1064 | D:2      | Killed Natasha
  1065 | D:2      | Reached XP level 4. HP: 22/40 MP: 4/4
  1190 | D:2      | Killed Ijyb
  1507 | D:2      | Noticed Natasha
  1508 | D:2      | Noticed Terence
  1513 | D:2      | Killed Natasha
  1517 | D:2      | Killed Terence
  1518 | D:2      | Reached XP level 5. HP: 17/48 MP: 5/5
  1931 | D:2      | Noticed Natasha
  1946 | D:2      | Killed Natasha
  2047 | D:3      | Found Wanua's Armour Shoppe.
  2067 | D:3      | Bought a +0 pair of gloves for 63 gold pieces
  2326 | D:3      | Reached skill level 1 in Evocations
  2666 | D:3      | Reached XP level 6. HP: 51/54 MP: 6/6
  2918 | D:4      | Reached skill level 5 in Armour
  3071 | D:3      | Reached skill level 1 in Dodging
  3133 | D:4      | You fall into a shaft and drop 2 floors!
  3291 | D:5      | Entered Level 5 of the Dungeon
  3423 | D:5      | Reached XP level 7. HP: 17/62 MP: 7/7
  3623 | D:5      | Found a runed translucent door.
  3626 | D:5      | Noticed diceflayer's ghost (novice MiFi)
  3660 | D:5      | Found a runed translucent door.
  3722 | D:5      | Noticed a steam dragon
  3735 | D:5      | Killed a steam dragon
  3736 | D:5      | Reached skill level 5 in Shields
  3917 | D:5      | Mangled by an ogre

Illustrated notes

Levels and vault maps discovered:
D:1:      minmay_arrival_hallway, layout_loops_ring
D:2:      kennysheep_the_goblin_king, layout_basic, uniq_natasha, uniq_terence
D:3:      minmay_diamond_boxcup, layout_rooms, serial_shops, shop
D:4:      layout_basic
D:5:      layout_loops_ring, mainiacjoe_overflow_large_starburst,
          gup_sewer_entry_spiral, ebering_ghost_sewer_f, minmay_splitting_lines,
          dreamdust_princess_bridge, minmay_misc_feat_tiny,
          palyth_stone_intersect, nicolae_nh_oracle_at_delphi
D:6:      layout_rooms, marbit_many_paths, grunt_temple_overflow_open,
          minmay_manual_macuahuitl

Skill      XL: |  1  2  3  4  5  6  7 |
---------------+----------------------+-----
Maces & Flails | 2 3 4 |  4.6
Armour         | 4 5 |  5.8
Fighting       | 3 4 |  4.2
Shields        | 4 5 |  5.2
Evocations     | 1 2 |  2.6
Dodging        | 1 |  1.8

Action                     |  1- 3 |  4- 6 |  7- 9 || total
---------------------------+-------+-------+-------++-------
  Melee: Flail             |   110 |   234 |    43 ||   387
         Tailslap          |    10 |    17 |    10 ||    37
  Throw: Dart              |       |       |     3 ||     3
    Use: Potion            |       |     8 |     1 ||     9
         Scroll            |       |     2 |     1 ||     3
 Armour: Scale mail        |    60 |    93 |       ||   153
         Chain mail        |       |    72 |    21 ||    93
  Dodge: Dodged            |    48 |    94 |    11 ||   153
  Block: Buckler           |    23 |    51 |     6 ||    80
